 Dungeon Crawl Stone Soup version 0.16-a0-778-g0731923 (webtiles) character file.

229986 MackTheKnife the Warrior (level 18, -1/151 HPs)
             Began as a Mummy Berserker on Sept 25, 2014.
             Was an Elder of Trog.
             Shot with a bolt of frost by a yaktaur (9 damage)
             ... on Level 2 of the Vaults.
             The game lasted 02:49:05 (48500 turns).

MackTheKnife the Warrior (Mummy Berserker)         Turns: 48500, Time: 02:49:07

HP  -1/151       AC 24     Str 23      XL: 18   Next: 75%
MP  31/31        EV 18     Int  6      God: Trog [****..]
Gold 1862        SH  0     Dex 19      Spells:  0 memorised, 17 levels left

rFire  . . .     SeeInvis .     b - +3 rod of shadows (3/13) {!a}
rCold  + . .     Clarity  +     R - +6 scale mail "Awkooxky" {Str+3 Dex+2}
rNeg   + + +     rCorr    .     (no shield)
rPois  +         rRot     +     Q - +1 helmet
rElec  .         Spirit   .     K - +2 cloak
SustAb .         Warding  .     l - +0 pair of gloves
rMut   .         Stasis   .     J - +0 pair of boots of Forking Paths {rF+}
Gourm  .                        v - amulet of clarity
MR     +++++                    g - ring of regeneration
                                H - ring of protection from magic

@: regenerating, almost entirely resistant to hostile enchantments, extremely
unstealthy
A: no food or potions, fire vulnerability, in touch with death, restore body,
cold resistance 1, negative energy resistance 3, poison resistance, torment
resistance, unbreathing
a: Self-Restoration, Burn Spellbooks, Trog's Hand, Brothers in Arms, Renounce
Religion
}: 1/15 runes: decaying


You were on level 2 of the Vaults.
You worshipped Trog.
Trog was greatly pleased with you.
You were not hungry.

You visited 8 branches of the dungeon, and saw 40 of its levels.
You visited 1 bazaar.
You also visited: Labyrinth, Ice Cave and Volcano.

You collected 4908 gold pieces.
You spent 3046 gold pieces at shops.


Innate Abilities, Weirdness & Mutations

You do not eat or drink.
Your flesh is vulnerable to fire.
You are in touch with the powers of death.
You can restore your body by infusing magical energy.
Your flesh is cold resistant.
You are immune to negative energy.
Your system is resistant to poisons.
You are immune to unholy pain and torment.
You can survive without breathing.


   Skills:
 + Level 16.2 Fighting
 - Level 12.0(13.9) Maces & Flails
 - Level 12.1(14.0) Staves
 - Level 11.7 Armour
 - Level 12.3 Dodging
 - Level 5.0 Shields
 - Level 10.9 Evocations


You had 17 spell levels left.
You didn't know any spells.

Inventory:

Hand weapons
 a - a +0 vampiric lajatang
 n - the +10 flail "Rubumu" {venom, rElec MR+ SInv}
   (You found it on level 3 of the Elven Halls)

   It poisons the flesh of those it strikes.
   It insulates you from electricity.
   It affects your resistance to hostile enchantments.
   It enhances your eyesight.
 F - a +13 quick blade of stabbing
Missiles
 O - 5 throwing nets (quivered)
Armour
 l - a +0 pair of gloves (worn)
 J - the +0 pair of boots of Forking Paths (worn) {rF+}
   (You found it in a labyrinth)

   It protects you from fire.
 K - a +2 cloak (worn)
 Q - a +1 helmet (worn)
 R - the +6 scale mail "Awkooxky" (worn) {Str+3 Dex+2}
   (You bought it in a shop on level 3 of the Orcish Mines)

   It affects your strength (+3).
   It affects your dexterity (+2).
 S - the +3 buckler of Thruneuj {rC+ Str+2 Dex+2}
   (You bought it in a shop on level 4 of the Orcish Mines)

   It affects your strength (+2).
   It affects your dexterity (+2).
   It protects you from cold.
Magical devices
 e - a wand of heal wounds (0)
 h - a wand of confusion (11)
 o - a wand of disintegration (9)
 r - a wand of slowing (9)
 z - a wand of digging (8)
 A - a wand of digging (2)
 D - a wand of digging (16)
 G - a wand of paralysis (4)
 L - a wand of cold (7)
 T - a wand of teleportation (0)
Scrolls
 f - 15 scrolls of remove curse
 i - 9 scrolls of identify
 t - a scroll of enchant armour
Jewellery
 g - a ring of regeneration (right hand)
 k - an uncursed amulet of warding
 m - an uncursed ring of protection from fire
 q - an uncursed amulet of guardian spirit
 u - an uncursed ring of protection from fire
 v - an amulet of clarity (around neck)
 x - an uncursed amulet of resist mutation
 H - a ring of protection from magic (left hand)
 N - an uncursed ring of see invisible
Miscellaneous
 d - a phial of floods (inert)
Rods
 b - a +3 rod of shadows (3/13) (weapon) {!a}
   (You took it off a deep elf fighter on level 3 of the Elven Halls)
 c - a +3 lightning rod (9/9) {!a}
   (You found it in a labyrinth)

▒·····▒ ▒·····▒ · ▒·····▒
· ▒·····▒ ▒· ▒·····▒
▒▒▒▒D▒▒▒▒▒▒▒▒▒▒▒▒·····▒▒
····c···················
·········p···············
·c······Mg····p··········
···········Q·············
·········((··((·········
··▒▒▒▒▒▒▒▒▒▒▒▒▒▒▒·····▒▒
▒ ▒·····▒ ▒·····▒ ▒·····▒
▒·g···▒▒ ▒····)▒·


You could see Sojobo, Wiglaf, a fire dragon (wandering), a vault warden, a vault
sentinel and 2 yaktaurs.


Message History

Okay, then.
You can't drink.
Unknown command.
You feel the effects of Trog's Hand fading.
Unknown command.
The vault sentinel shoots a bolt.
The bolt barely misses you.
A yaktaur comes into view.
You see here a bolt.
Unknown command.
Wiglaf says, "Ye've the look of an eejit tae ye."
The vault sentinel shoots a bolt.
The bolt closely misses you.
The yaktaur wields an arbalest.
The yaktaur shoots a bolt.
The bolt hits you but does no damage.
You see here 2 bolts.
Unknown command.
Wiglaf hits you with a war axe of flaming!!
* * * LOW HITPOINT WARNING * * *
Wiglaf burns you.
* * * LOW HITPOINT WARNING * * *
A yaktaur comes into view.
Unknown command.
The vault sentinel unwields an uncursed arbalest of flaming.
It stops flaming.
The vault sentinel wields an uncursed war axe.
The vault sentinel hits you but does no damage.
The yaktaur shoots a bolt.
The bolt hits you.
* * * LOW HITPOINT WARNING * * *
The yaktaur wields an arbalest.
The yaktaur shoots a bolt of frost.
The bolt of frost hits you!
You die...

Action                   |  1- 3 |  4- 6 |  7- 9 | 10-12 | 13-15 | 16-18 || total
-------------------------+-------+-------+-------+-------+-------+-------++-------
Melee: Mace              |   131 |   151 |       |       |       |       ||   282
       Morningstar       |       |    93 |   441 |  1025 |  2183 |  1024 ||  4766
       Great mace        |       |       |       |       |    63 |       ||    63
       Rod               |       |       |       |       |     1 |       ||     1
       Lajatang          |       |       |       |       |       |  1307 ||  1307
       Quick blade       |       |       |       |       |       |     7 ||     7
       Flail             |       |       |       |       |       |     2 ||     2
 Fire: Blowgun           |       |       |    33 |    41 |     9 |     2 ||    85
Throw: Stone             |     2 |     5 |     1 |       |       |       ||     8
       Tomahawk          |       |       |    14 |       |       |       ||    14
Invok: Trog's Hand       |     2 |     3 |     2 |    11 |    17 |    44 ||    79
       Burn Spellbooks   |       |     1 |     2 |     3 |     2 |     3 ||    11
       Brothers in Arms  |       |       |       |     7 |    17 |    22 ||    46
Evoke: Wand              |       |       |    16 |    50 |    21 |    90 ||   177
       Rod               |       |       |       |    15 |    62 |    20 ||    97
       Phial of floods   |       |       |       |       |       |     5 ||     5
  Use: Scroll            |       |    10 |    21 |     8 |    24 |    31 ||    94
 Stab: Distracted        |       |       |       |       |     3 |     4 ||     7
       Confused          |       |       |       |       |       |     1 ||     1
       Paralysed         |       |       |       |       |       |    26 ||    26

Vault maps used:
D:1:      saegor_arrival_simple_c
D:2:      grunt_ministairs_3, lemuel_tele_altar
D:3:      lemuel_crystal_altar, kennysheep_generic_room_8
D:4:      lemuel_round_altar, minmay_temple_entry_junction, first_bread
D:7:      serial_shops, nicolae_shop_statue_plus
D:8:      old_standard_altar, nicolae_overflow_quartered_altars, serial_shops,
          kennysheep_mini, hangedman_pestilent_swarm, lemuel_old_faithful,
          uniq_joseph
D:9:      minmay_misc_feat_enclosed
D:10:     erik_lair_boring
D:11:     hangedman_decor_push, grunt_tough_drop, uniq_maurice
D:12:     zombieorc2_lemuel, portal_ice_cave_entry_imps, uniq_urug
D:13:     david_vaults_5
D:14:     grunt_decor_cap, serial_shops, bzr_firewalk, enter_trove_1,
          uniq_roxanne
D:15:     grunt_enter_depths_snipers, serial_park_tiny_2
Temple:   minmay_temple_forest_path_12
Orc:2:    nicolae_orc_accident_1, nicolae_orc_pool_cavern, minmay_orc_keep,
          uniq_fannar, uniq_harold
Orc:3:    serial_shops, shop
Orc:4:    basic_altar, serial_shops, shop, st_orc_town, minmay_orc_treasury,
          uniq_sonja
Elf:1:    elf_arrival_001, minmay_elf_annihilation, lemuel_statue_altar
Elf:2:    basic_stair_grate_trap
Elf:3:    minmay_elf_hall_golems, minivault_15, hangedman_elf_power_crystal
Lair:1:   nicolae_volcano_entry_s_turn, hibernation_bobbens,
          infiniplex_staircase_pool
Lair:2:   statuecave_lemuel, grunt_forest_large_clearing_hut,
          serial_bayou_shore_b, grunt_megastairs_2, uniq_erica
Lair:3:   special_room, grunt_megastairs_5, infiniplex_staircase_pool_2,
          uniq_gastronok
Lair:4:   nicolae_swamp_entry_splash_gauntlet
Lair:5:   guppyfry_snake_entry_island, lab_entry_generic
Lair:6:   minmay_swamp_entry_worms, uniq_rupert
Lair:7:   kennysheep_abandoned_house, slime_altar_2
Lair:8:   minmay_lair_end_frog_pond
Swamp:1:  evilmike_swamp_ruin_house_2, swamp_pool1
Swamp:2:  evilmike_swamp_ruin_house_4, swamp_pool3
Swamp:3:  evilmike_swamp_ruin_house_5, uniq_frances, uniq_agnes
Swamp:4:  nicolae_swamp_godswood, uniq_snorg, uniq_asterion
Swamp:5:  swamp
Snake:1:  guppyfry_library_mini
Snake:2:  serial_shops, nicolae_shop_stone, evilmike_ambush, lemuel_fruit_tree
Vaults:1: grunt_vaults_hallway_short, vaults_room_stairs_pillars,
          nicolae_vaults_little_squares_3, v_alt_pattern_2,
          nicolae_vaults_ninety_degrees, v_alt_pattern_5, vaults_room_octagon,
          nicolae_vaults_little_squares_1, ontoclasm_vaults_twist,
          nicolae_vaults_little_squares_1, hangedman_vaults_restitches,
          ontoclasm_vaults_ring_square, ontoclasm_vaults_eye,
          ontoclasm_vaults_gateway, serial_shops, shop
Vaults:2: vaults_room_fours, vaults_mumra_minichess_inversion,
          hangedman_vaults_unwind, ontoclasm_vaults_misaligned,
          dpeg_vaults_monster_row, vaults_room_ringed_pool,
          hangedman_vaults_stitches, hangedman_vaults_snaps, v_misc_16,
          vaults_room_semicircle, vaults_room_grid,
          nicolae_vaults_little_squares_3, vaults_dpeg_hooks,
          nicolae_vaults_angled_halls, serial_shops, bzr_entry_road,
          uniq_wiglaf, uniq_aizul, uniq_sojobo
Lab:      labyrinth_mini_lab, nicolae_lab_arrow, labyrinth_skeletal_remains,
          nicolae_lab_diamond
Bazaar:   bazaar_lake
IceCv:    ice_cave_caverns_01
Volcano:  volcano_bunker

Notes
Turn   | Place    | Note
--------------------------------------------------------------
     0 | D:1      | MackTheKnife, the Mummy Berserker, began the quest for the Orb.
     0 | D:1      | Reached XP level 1. HP: 18/18 MP: 1/1
   172 | D:1      | Reached XP level 2. HP: 14/24 MP: 2/2
   447 | D:1      | Reached skill level 3 in Maces & Flails
   541 | D:1      | Acquired Trog's second power
  1058 | D:1      | Reached XP level 3. HP: 21/29 MP: 3/3
  1336 | D:2      | Found a deep blue altar of Sif Muna.
  1591 | D:2      | Reached skill level 4 in Maces & Flails
  1600 | D:2      | Reached XP level 4. HP: 35/35 MP: 4/4
  2600 | D:3      | Found a glowing golden altar of the Shining One.
  2668 | D:3      | Noticed Execuda's ghost (average VSMo)
  3020 | D:3      | Reached XP level 5. HP: 36/41 MP: 5/5
  3521 | D:4      | Found a staircase to the Ecumenical Temple.
  3592 | Temple   | Entered the Ecumenical Temple
  3870 | D:4      | Reached skill level 5 in Maces & Flails
  4305 | D:4      | Noticed an ogre
  4326 | D:4      | Killed an ogre
  4326 | D:4      | Reached XP level 6. HP: 44/47 MP: 6/6
  4350 | D:4      | Noticed an ogre
  4368 | D:4      | Killed an ogre
  4368 | D:4      | Reached skill level 6 in Maces & Flails
  4399 | D:4      | Found a shattered altar of Ashenzari.
  4505 | D:5      | Entered Level 5 of the Dungeon
  4876 | D:5      | Acquired Trog's third power
  5385 | D:5      | HP: 1/47 [sky beast (6)]
  5432 | D:5      | Reached XP level 7. HP: 43/52 MP: 7/7
  5547 | D:5      | Reached skill level 7 in Maces & Flails
  6601 | D:6      | HP: 3/52 [phantom (9)]
  7254 | D:6      | Reached skill level 8 in Maces & Flails
  7505 | D:6      | Reached XP level 8. HP: 36/60 MP: 8/8
  8136 | D:7      | Reached skill level 4 in Fighting
  8614 | D:7      | Found Shratyodo's Assorted Antiques.
  8625 | D:7      | Bought a glowing bronze ring for 120 gold pieces
  8625 | D:7      | Bought a glowing pearl ring for 120 gold pieces
  8634 | D:7      | Bought a runed scale mail for 96 gold pieces
  8645 | D:7      | Bought a scroll of enchant armour for 180 gold pieces
  8687 | D:7      | Reached skill level 5 in Fighting
  8856 | D:7      | Reached skill level 6 in Fighting
  9568 | D:8      | Reached skill level 7 in Fighting
  9652 | D:8      | Found a staircase to the Lair.
  9652 | D:8      | Found a blossoming altar of Fedhas.
  9822 | D:8      | Got an ichor-stained battleaxe
  9823 | D:8      | Identified the +2 battleaxe "Starlight" {holy, rF+ Int-1} (You found it on level 8 of the Dungeon)
  9859 | D:8      | Reached skill level 8 in Fighting
  9894 | D:8      | Reached XP level 9. HP: 40/74 MP: 9/9
 10051 | D:8      | Noticed Joseph
 10065 | D:8      | Killed Joseph
 10140 | D:8      | Reached skill level 9 in Maces & Flails
 10163 | D:8      | Found Doizoc's Antique Weapon Boutique.
 10238 | D:8      | Found a glowing silver altar of Zin.
 10251 | D:8      | Found a shadowy altar of Dithmenos.
 10437 | D:8      | Found a sparkling altar of Nemelex Xobeh.
 10510 | D:8      | Found a radiant altar of Vehumet.
 10729 | D:9      | Reached skill level 10 in Maces & Flails
 11219 | D:10     | Entered Level 10 of the Dungeon
 11455 | D:10     | Reached XP level 10. HP: 24/80 MP: 10/10
 11563 | D:10     | Noticed a hill giant
 11585 | D:10     | Killed a hill giant
 11585 | D:10     | Reached skill level 11 in Maces & Flails
 12463 | D:10     | Found a staircase to the Lair.
 12467 | D:10     | Received a gift from Trog
 12479 | D:10     | the staircase to the Lair was a mimic.
 12736 | D:10     | Reached skill level 12 in Maces & Flails
 12978 | Lair:1   | Entered Level 1 of the Lair of Beasts
 13005 | Lair:1   | Reached skill level 2 in Armour
 13063 | Lair:1   | Found a dark tunnel.
 13066 | Volcano  | Entered a volcano
 13087 | Volcano  | Noticed a toenail golem
 13099 | Volcano  | Reached skill level 3 in Armour
 13103 | Volcano  | Killed a toenail golem
 13119 | Volcano  | Reached skill level 4 in Armour
 13240 | Volcano  | Noticed a toenail golem
 13242 | Volcano  | Killed a toenail golem
 13243 | Volcano  | Noticed a toenail golem
 13244 | Volcano  | Killed a toenail golem
 13383 | Lair:1   | Reached skill level 5 in Armour
 13383 | Lair:1   | Reached XP level 11. HP: 40/86 MP: 11/11
 13900 | Lair:1   | Reached skill level 6 in Armour
 14363 | Lair:2   | Reached skill level 7 in Armour
 14518 | Lair:2   | Noticed Erica
 15024 | Lair:2   | Killed Erica
 15024 | Lair:2   | Reached skill level 8 in Armour
 15800 | Lair:3   | Reached skill level 9 in Fighting
 16044 | Lair:3   | Reached XP level 12. HP: 92/96 MP: 12/12
 16487 | Lair:3   | Noticed Gastronok
 16497 | Lair:3   | Killed Gastronok
 16792 | Lair:4   | Reached skill level 10 in Fighting
 17465 | Lair:4   | Reached skill level 11 in Fighting
 18293 | Lair:4   | Found a staircase to the Swamp.
 18400 | Lair:5   | Found a labyrinth entrance.
 18408 | Lab      | Entered a labyrinth
 18569 | Lab      | Noticed a minotaur
 18573 | Lab      | Killed a minotaur
 18587 | Lab      | Got a pair of crude boots
 18598 | Lab      | Identified the +0 pair of boots of Forking Paths {rF+} (You found it in a labyrinth)
 18635 | Lair:5   | Received a gift from Trog
 18852 | Lair:5   | Found a staircase to the Snake Pit.
 18921 | Lair:5   | Reached skill level 1 in Evocations
 19179 | Lair:5   | Reached skill level 2 in Evocations
 19467 | Lair:5   | Reached skill level 3 in Evocations
 20108 | Lair:6   | Reached skill level 4 in Evocations
 20311 | Lair:6   | Reached skill level 5 in Evocations
 20579 | Lair:6   | Found a staircase to the Swamp.
 20595 | Lair:6   | Reached skill level 6 in Evocations
 20736 | Lair:6   | Noticed Rupert
 20755 | Lair:6   | Killed Rupert
 20755 | Lair:6   | Reached skill level 7 in Evocations
 20756 | Lair:6   | Reached XP level 13. HP: 56/107 MP: 10/23
 20851 | Lair:6   | Noticed a six-headed hydra
 20859 | Lair:6   | Killed a six-headed hydra
 20989 | Lair:7   | Reached skill level 8 in Evocations
 21019 | Lair:7   | Received a gift from Trog
 21238 | Lair:7   | Reached skill level 9 in Evocations
 21792 | Lair:7   | Received a gift from Trog
 21794 | Lair:7   | Reached skill level 10 in Evocations
 22383 | Lair:7   | Found a viscous altar of Jiyva.
 22385 | Lair:7   | Found a staircase to the Slime Pits.
 22411 | Lair:8   | Entered Level 8 of the Lair of Beasts
 22927 | Lair:7   | Reached skill level 1 in Shields
 22960 | Lair:7   | Reached skill level 2 in Shields
 23041 | Lair:7   | Reached skill level 3 in Shields
 23299 | Lair:8   | Reached skill level 4 in Shields
 23403 | Lair:8   | Received a gift from Trog
 23471 | Lair:8   | Reached XP level 14. HP: 108/114 MP: 28/28
 23539 | Lair:8   | Reached skill level 5 in Shields
 23577 | Lair:8   | Reached skill level 2 in Dodging
 23685 | Lair:8   | Reached skill level 3 in Dodging
 23844 | Lair:8   | Reached skill level 4 in Dodging
 24085 | Lair:8   | Reached skill level 5 in Dodging
 24182 | Lair:8   | Received a gift from Trog
 25064 | D:11     | Reached skill level 6 in Dodging
 25299 | D:11     | Noticed Maurice
 25305 | D:11     | Killed Maurice
 25409 | D:11     | Got a pair of heavily runed boots
 25410 | D:11     | Identified the cursed -4 pair of boots "Penuot" {Dex+1 Int+4} (You found it on level 11 of the Dungeon)
 25578 | D:11     | Received a gift from Trog
 25661 | D:11     | Reached skill level 7 in Dodging
 25877 | D:12     | Found a frozen archway.
 25896 | IceCv    | Entered an ice cave
 26160 | IceCv    | Reached skill level 8 in Dodging
 26253 | IceCv    | Received a gift from Trog
 26288 | IceCv    | Noticed TAS2012's ghost (powerful TrMo)
 26300 | IceCv    | Killed TAS2012's ghost
 26646 | IceCv    | Reached skill level 9 in Dodging
 26719 | IceCv    | Noticed a frost giant
 26739 | IceCv    | Killed a frost giant
 26864 | D:12     | Noticed Urug
 26867 | D:12     | Noticed Execuda's ghost (powerful DDFi)
 26882 | D:12     | Killed Urug
 26889 | D:12     | Killed Execuda's ghost
 26889 | D:12     | Reached XP level 15. HP: 105/120 MP: 25/29
 26996 | D:12     | Found a staircase to the Orcish Mines.
 27203 | D:12     | Reached skill level 10 in Dodging
 27968 | Orc:1    | Entered Level 1 of the Orcish Mines
 28055 | Orc:2    | Noticed Fannar
 28070 | Orc:2    | Killed Fannar
 28103 | Orc:2    | Received a gift from Trog
 28365 | Orc:2    | Noticed Harold
 28378 | Orc:2    | Killed Harold
 28828 | Orc:3    | Found a staircase to the Elven Halls.
 28926 | Orc:3    | Received a gift from Trog
 29161 | Orc:1    | Reached skill level 11 in Dodging
 29366 | Orc:3    | Found Mnimur's Antique Armour Shop.
 29383 | Orc:3    | Bought a jewelled buckler for 275 gold pieces
 29383 | Orc:3    | Bought a pair of distressingly furry boots for 275 gold pieces
 29384 | Orc:3    | Identified the -5 pair of boots of the Peculiar Wars {Dex-4 Int-3} (You bought it in a shop on level 3 of the Orcish Mines)
 29386 | Orc:3    | Identified the +3 buckler of Brilliance {rPois Dex-2 Curse} (You bought it in a shop on level 3 of the Orcish Mines)
 29387 | Orc:3    | Bought a dazzling scale mail for 261 gold pieces
 29531 | Orc:3    | Identified the +6 scale mail "Awkooxky" {Str+3 Dex+2} (You bought it in a shop on level 3 of the Orcish Mines)
 29557 | Orc:4    | Entered Level 4 of the Orcish Mines
 29562 | Orc:4    | Noticed Sonja
 29600 | Orc:4    | Killed Sonja
 29600 | Orc:4    | Reached skill level 9 in Armour
 29612 | Orc:4    | Found a roughly hewn altar of Beogh.
 29641 | Orc:4    | Found Smureisa's Food Emporium.
 29670 | Orc:4    | Received a gift from Trog
 30575 | Orc:4    | Received a gift from Trog
 30595 | Orc:4    | Found Griul's Distillery.
 30604 | Orc:4    | Found Uluox's Armour Boutique.
 30698 | Orc:4    | Bought the cursed +3 buckler of Thruneuj {rC+ Str+2 Dex+2} for 505 gold pieces
 30793 | Orc:4    | Reached skill level 10 in Armour
 30814 | Orc:4    | Reached skill level 12 in Fighting
 30817 | Orc:4    | Found a roughly hewn altar of Beogh.
 30997 | Orc:4    | Found Blocin's Weapon Boutique.
 30997 | Orc:4    | Found Imiw's Antique Armour Emporium.
 31004 | Orc:4    | Bought an embroidered cloak for 148 gold pieces
 31510 | Orc:3    | Bought a shimmering plate armour for 812 gold pieces
 31512 | Orc:3    | Identified the cursed -2 plate armour of Hide-and-Seek {Str+4} (You bought it in a shop on level 3 of the Orcish Mines)
 31695 | D:13     | Received a gift from Trog
 32162 | D:13     | Found a gate to the Vaults.
 32371 | D:13     | Reached skill level 13 in Fighting
 32803 | D:14     | Found a flickering gateway to a bazaar.
 32828 | Bazaar   | Entered a bazaar
 32828 | Bazaar   | Found Loynowej's Antique Weapon Shop.
 32846 | Bazaar   | Found Stushi Chy's Magic Scroll Emporium.
 32858 | Bazaar   | Found Doill's Antique Armour Boutique.
 32863 | Bazaar   | Found Ritag's Jewellery Boutique.
 32877 | Bazaar   | Found Froix's General Store.
 32899 | Bazaar   | Bought a +1 ring of dexterity for 22 gold pieces
 32920 | Bazaar   | Bought a scroll of fog for 32 gold pieces
 32920 | Bazaar   | Bought a scroll of identify for 32 gold pieces
 32920 | Bazaar   | Bought a scroll of silence for 120 gold pieces
 32920 | Bazaar   | Bought a scroll of teleportation for 48 gold pieces
 32985 | D:14     | Found a portal to a secret trove of treasure.
 33185 | D:14     | Noticed Roxanne
 33645 | D:15     | Entered Level 15 of the Dungeon
 34061 | D:15     | Received a gift from Trog
 34204 | D:15     | Found a staircase to the Depths.
 34212 | D:15     | Reached skill level 14 in Fighting
 34228 | D:15     | Reached XP level 16. HP: 92/133 MP: 29/29
 34775 | Swamp:1  | Entered Level 1 of the Swamp
 35653 | Swamp:2  | Reached skill level 15 in Fighting
 35736 | Swamp:2  | Received a gift from Trog
 36154 | Swamp:2  | Received a gift from Trog
 36244 | Swamp:3  | Got a jacinth-encrusted chain mail
 36245 | Swamp:3  | Identified the cursed -5 chain mail of Disaster {Str+2 Int+3} (You found it on level 3 of the Swamp)
 36471 | Swamp:3  | Noticed Frances
 36480 | Swamp:3  | Killed Frances
 36638 | Swamp:3  | Noticed Agnes
 36651 | Swamp:3  | Killed Agnes
 36651 | Swamp:3  | Reached skill level 16 in Fighting
 37152 | Swamp:3  | Reached skill level 1 in Staves
 37223 | Swamp:3  | HP: 11/138 [thorn hunter/volley of thorns (11)]
 37308 | Swamp:3  | Reached skill level 2 in Staves
 37453 | Swamp:4  | Reached skill level 3 in Staves
 37499 | Swamp:4  | Noticed Asterion
 37503 | Swamp:4  | Noticed a spectral weapon
 37531 | Swamp:4  | Noticed a tentacled monstrosity
 37541 | Swamp:4  | Noticed Snorg
 37762 | Snake:1  | Entered Level 1 of the Snake Pit
 37905 | Snake:1  | Reached skill level 4 in Staves
 38191 | Snake:1  | Reached skill level 5 in Staves
 38945 | Elf:1    | Entered Level 1 of the Elven Halls
 39204 | Elf:1    | Reached skill level 6 in Staves
 39565 | Elf:1    | Reached XP level 17. HP: 102/144 MP: 30/30
 39758 | Elf:1    | Reached skill level 7 in Staves
 39794 | Elf:1    | Received a gift from Trog
 40332 | Elf:2    | Reached skill level 8 in Staves
 40376 | Elf:2    | Received a gift from Trog
 40860 | Elf:3    | Entered Level 3 of the Elven Halls
 41327 | Elf:3    | Reached skill level 9 in Staves
 41785 | Elf:3    | Identified a +3 rod of shadows (13/13) (You took it off a deep elf fighter on level 3 of the Elven Halls)
 42010 | Elf:3    | Got a jewelled flail
 42013 | Elf:3    | Identified the +10 flail "Rubumu" {venom, rElec MR+ SInv} (You found it on level 3 of the Elven Halls)
 42112 | Elf:3    | Reached skill level 10 in Staves
 42617 | Elf:3    | Reached skill level 11 in Staves
 43820 | Swamp:3  | Killed Snorg
 44360 | Swamp:5  | Entered Level 5 of the Swamp
 44886 | Swamp:5  | Reached skill level 12 in Staves
 44889 | Swamp:5  | Reached XP level 18. HP: 110/151 MP: 31/31
 45098 | Swamp:5  | Got a decaying rune of Zot
 45453 | Swamp:4  | Killed a tentacled monstrosity
 45931 | Vaults:1 | Entered Level 1 of the Vaults
 46461 | Vaults:1 | Found Miav's Book Boutique.
 46680 | Vaults:1 | Received a gift from Trog
 46847 | Vaults:1 | Reached skill level 11 in Armour
 47544 | Vaults:1 | Reached skill level 12 in Dodging
 47787 | Vaults:2 | Noticed Aizul
 47817 | Vaults:2 | Killed Aizul
 47831 | Vaults:2 | Noticed Wiglaf
 48298 | Vaults:2 | Noticed Sojobo
 48487 | Vaults:2 | HP: 1/151 [Sojobo/bolt of lightning (54)]
 48499 | Vaults:2 | HP: 11/151 [Wiglaf/war axe of flaming (26)]
 48500 | Vaults:2 | Shot with a bolt of frost by a yaktaur

Vanquished Creatures
  A tentacled monstrosity (Swamp:4)
  A sphinx (Vaults:2)
  2 thorn hunters
  Agnes (Swamp:3)
  Frances (Swamp:3)
  A greater naga (Snake:1)
  8 deep elf sorcerers
  A vault warden (Vaults:1)
  A frost giant (IceCv)
  A deep elf demonologist (Elf:3)
  4 deep elf annihilators
  2 vault guards
  Snorg (Swamp:3)
  2 deep elf death magi (Elf:3)
  A large abomination (Vaults:1)
  8 crystal guardians (Elf:3)
  A deep elf high priest (Elf:3)
  Fannar (Orc:2)
  2 yaktaur captains
  3 ironheart preservers (Vaults:1)
  Harold (Orc:2)
  2 naga warriors (Snake:1)
  2 rakshasas
  21 hydras
  A great orb of eyes (Vaults:1)
  Erica (Lair:2)
  3 ogre magi
  6 alligators
  2 dancing weapons (Elf:2)
  6 centaur warriors
  A tengu warrior (D:13)
  8 death yaks
  10 deep elf knights
  2 orc high priests (Orc:4)
  A catoblepas (Lair:8)
  A shadow wraith (Vaults:1)
  2 skeletal warriors (D:12)
  A fire crab (Vaults:1)
  7 hill giants
  An unseen horror (Vaults:1)
  10 swamp dragons
  An ice statue (IceCv)
  A spriggan druid (Swamp:5)
  7 deep elf summoners
  A lindwurm (Lair:4)
  A mana viper (Snake:1)
  2 wizards
  3 orc sorcerers
  16 deep elf conjurers
  3 ironbrand convokers
  8 orc knights
  A flayed ghost (Vaults:1)
  3 red wasps
  A wolf spider (Vaults:2)
  6 cyclopes
  7 griffons
  A draconian (shapeshifter) (D:15)
  15 ugly things
  A manticore (D:12)
  9 black mambas
  14 elephants
  25 spiny frogs
  A toenail golem (Volcano)
  Joseph (D:8)
  An item mimic (Lair:4)
  A feature mimic (D:10)
  3 kobold demonologists (Vaults:1)
  11 komodo dragons
  5 naga magi (Snake:1)
  An efreet (D:13)
  11 yaktaurs
  4 fire drakes
  2 red devils (Elf:3)
  8 baby alligators
  16 polar bears
  8 trolls
  Sonja (Orc:4)
  6 two-headed ogres
  7 deep elf priests
  2 ravens (D:13)
  A queen bee (Lair:3)
  5 giant leeches
  21 slime creatures
  5 boulder beetles (Vaults:2)
  3 bog bodies
  2 basilisks
  9 blink frogs (Lair:8)
  A yak (shapeshifter) (Vaults:1)
  2 wraiths
  7 shadows
  75 yaks
  6 spriggans
  6 wyverns
  3 hungry ghosts
  A griffon skeleton (D:10)
  25 deep elf magi
  18 deep elf fighters
  5 hippogriffs
  21 vampire mosquitoes
  3 humans (Volcano)
  A hill giant skeleton (D:11)
  37 wolves
  34 swamp worms
  4 porcupines
  7 wargs
  8 nagas
  3 mottled dragons
  11 swamp drakes
  26 orc warriors
  20 water moccasins
  7 ice beasts
  2 sky beasts
  7 yellow wasps
  4 phantoms
  11 boggarts
  A black bear (D:7)
  23 ogres
  A manticore skeleton (D:15)
  2 centaurs (D:13)
  6 boring beetles
  20 crocodiles
  3 big kobolds
  37 giant frogs
  5 insubstantial wisps
  13 wights
  A water moccasin skeleton (D:8)
  3 scorpions
  33 killer bees
  A troll zombie (D:12)
  7 electric eels
  4 goliath beetles
  6 crimson imps
  4 jellies
  6 hounds
  A giant frog skeleton (D:8)
  35 orc priests
  3 centaur skeletons
  9 orange rats
  2 quasits
  15 worker ants
  9 iguanas
  25 orc wizards
  32 sheep
  A sky beast zombie (D:11)
  6 ogre zombies (D:12)
  An ogre skeleton (D:4)
  A hound zombie (D:8)
  A hound skeleton (D:8)
  4 gnolls (D:7)
  36 adders
  5 shadow imps
  41 green rats
  12 white imps (D:12)
  An ufetubus (Vaults:1)
  An adder skeleton (D:9)
  5 giant geckos
  An ooze (D:1)
  182 orcs
  3 giant cockroaches
  20 goblins
  15 hobgoblins
  18 jackals
  13 quokkas
  2 ball pythons
  14 bats
  5 giant newts
  3 goblin zombies (D:12)
  A hobgoblin skeleton (D:12)
  32 kobolds
  A kobold zombie (D:8)
  6 orc skeletons
  7 orc zombies
  25 rats
  2 ballistomycetes (D:10)
  3 fungi
  A plant (Swamp:1)
1524 creatures vanquished.

Vanquished Creatures (collateral kills)
  A deep elf master archer (Elf:3)
  A deep elf blademaster (Elf:3)
  3 thorn hunters
  Rupert (Lair:6)
  Aizul (Vaults:2)
  2 orc warlords (Orc:4)
  Gastronok (Lair:3)
  The ghost of Execuda the Bludgeoner, a powerful DDFi of Xom (D:12)
  A minotaur (Lab)
  The ghost of TAS2012 the Grappler, a powerful TrMo of Ru (IceCv)
  A hydra (Swamp:2)
  3 alligators (Swamp:1)
  A death yak (Lair:7)
  4 orc high priests (Orc:4)
  2 spriggans
  Urug (D:12)
  3 skeletal warriors (D:12)
  An orc knight (Orc:4)
  3 ugly things
  A manticore (D:12)
  2 toenail golems (Volcano)
  An elephant (Lair:6)
  A cyclops (Orc:4)
  A komodo dragon (Lair:7)
  4 spiny frogs
  2 kobold demonologists (D:12)
  A hellwing (Swamp:3)
  3 polar bears
  A giant leech (Swamp:1)
  3 baby alligators
  A blue devil (Orc:4)
  5 slime creatures (D:14)
  3 humans (Volcano)
  2 yaks (D:12)
  A chaos spawn (Orc:4)
  A warg (Orc:4)
  A steam dragon (D:12)
  3 swamp worms
  A vampire mosquito (Swamp:1)
  A swamp drake (Swamp:2)
  A water moccasin (Swamp:3)
  4 orc warriors (Orc:4)
  2 yellow wasps
  An ogre (Orc:4)
  2 big kobolds (D:12)
  2 giant frogs
  6 insubstantial wisps (Swamp:1)
  2 wights (D:14)
  A giant frog zombie (D:12)
  2 orc wizards
  15 orc priests
  An ogre zombie (D:12)
  A shadow imp (D:12)
  26 orcs
  A hobgoblin (Orc:4)
  A goblin zombie (D:12)
  2 hobgoblin skeletons (D:12)
  3 hobgoblin zombies (D:12)
  An orc skeleton (D:12)
  3 orc zombies (D:12)
148 creatures vanquished.

Vanquished Creatures (others)
  A rakshasa (Vaults:2)
  A naga warrior (Snake:1)
  A boulder beetle (Vaults:2)
  A deep elf conjurer (Vaults:2)
  Maurice (D:11)
  5 water elementals
  5 trolls
  A polar bear (Elf:3)
  3 two-headed ogres
  A hippogriff (Vaults:2)
  A deep elf fighter (Elf:1)
  An orc warrior (Elf:3)
  A black bear (Vaults:2)
  A boggart (Vaults:2)
  7 ogres
  2 lost souls (Elf:3)
  A kobold zombie (D:14)
  An orc (Vaults:2)
  2 giant spores
  A briar patch (Swamp:3)
  A bush (Lair:7)
  15 fungi
  3 plants
57 creatures vanquished.

Grand Total: 1729 creatures vanquished
